AoeStats
← CNZS_98T

Arena

504493460Analyzed
4v4 RM · 28d ago on Sep 5, 2026· 32m 3s· 8 players
Game mode
Random Map
Map size
Large (8 player)
Population
200
Speed
Normal
Resources
Standard
Victory
Conquest
Starting age
Dark Age
Ending age
Imperial Age
RankedLock teamsTeams togetherTeam positionsShared explorationLock speedFull tech treeHidden civsTurbo modeCheats
Victory
Defeat
🇨🇳 Dravidians · China
2154
+6
🇨🇳 Spanish · China
2003
+11
🇨🇳 Teutons · China
1934
+13
🇳🇱 Malians · Netherlands
1920
+14
🇮🇹 Berbers · Italy
1951
-13
🇮🇹 Byzantines · Italy
1937
-13
🇦🇷 Huns · Argentina
1838
-9
🇰🇷 Bohemians · South Korea
1821
-9
OS | 展毅
11:08 Feudal Age
14:53 Castle Age
12:42 Double-Bit Axe
13:03 Horse Collar
16:29 Bow Saw
17:30 Loom
23:32 Fletching
29:21 Imperial Age
27:47 Wheelbarrow
27:39 Bodkin Arrow
29:19 Kasbah
29:12 Light Cavalry
30:02 Bloodlines
29:52 Husbandry
29:59 Scale Barding Armor
30:26 Hand Cart
30:14 Heavy Plow
31:35 Chain Barding Armor
30:42 Hussar
Nineshine
1:57 Loom
11:10 Feudal Age
11:50 Horse Collar
14:55 Castle Age
13:35 Double-Bit Axe
16:07 Bow Saw
25:08 Wheelbarrow
30:35 Imperial Age
27:52 Loom
28:29 Fletching
29:41 Bodkin Arrow
29:29 Crossbowman
30:48 Ballistics
30:41 Gold Mining
31:28 Bracer
32:32 Chemistry
MarginCall
12:05 Feudal Age
15:43 Castle Age
14:07 Double-Bit Axe
14:45 Horse Collar
16:23 Light Cavalry
27:53 Wheelbarrow
29:19 Bow Saw
31:20 Fletching
31:59 Bodkin Arrow
CNZS_knightk
9:34 Feudal Age
10:09 Double-Bit Axe
15:31 Castle Age
13:37 Horse Collar
16:12 Wheelbarrow
16:41 Bow Saw
16:33 Heavy Plow
21:50 Loom
22:23 Hand Cart
25:43 Fortified Wall
28:04 Imperial Age
26:08 Masonry
28:47 Chemistry
CNZS_迷你车仁
10:04 Feudal Age
13:37 Castle Age
11:41 Double-Bit Axe
12:10 Horse Collar
14:43 Bow Saw
23:49 Loom
25:21 Loom
26:14 Wheelbarrow
30:48 Imperial Age
28:11 Loom
28:45 Hand Cart
28:40 Heavy Plow
28:37 Gold Mining
28:42 Stone Mining
29:18 Fletching
29:51 Scale Mail Armor
30:02 Forging
29:56 Bodkin Arrow
30:40 Padded Archer Armor
30:47 Medical Corps
32:36 Chemistry
32:03 Ballistics
31:28 Elite Elephant Archer
CNZS_Bad Koala
10:49 Feudal Age
11:55 Double-Bit Axe
14:31 Castle Age
12:29 Horse Collar
16:03 Bow Saw
17:47 Wheelbarrow
19:29 Gold Mining
19:35 Stone Mining
20:30 Loom
25:58 Imperial Age
24:03 Fletching
24:28 Town Watch
25:01 Bodkin Arrow
25:42 Masonry
27:45 Chemistry
27:07 Ironclad
28:09 Crenellations
28:25 Scale Mail Armor
28:17 Pikeman
30:38 Chain Mail Armor
30:34 Forging
CNZS_98T
10:59 Feudal Age
14:26 Castle Age
12:34 Double-Bit Axe
13:01 Horse Collar
13:23 Man-at-Arms
14:05 Scale Mail Armor
14:49 Loom
15:23 Long Swordsman
16:38 Squires
20:18 Sanctity
21:13 Redemption
24:48 Bow Saw
25:05 Chain Mail Armor
31:12 Imperial Age
29:11 Stone Mining
29:12 Gold Mining
30:28 Wheelbarrow
31:44 Fletching
32:48 Block Printing
_LY_lyx
10:27 Feudal Age
14:29 Castle Age
12:51 Double-Bit Axe
12:52 Horse Collar
15:50 Bow Saw
19:10 Stone Mining
20:32 Wheelbarrow
19:42 Loom
20:34 Gold Mining
22:22 Fortified Wall
22:58 Fervor
23:55 Town Watch
27:23 Imperial Age
25:48 Sanctity
25:44 Heavy Plow
26:58 Redemption
26:50 Husbandry
27:17 Inquisition
27:59 Hand Cart
28:47 Block Printing
30:00 Illumination
30:03 Guilds
30:22 Bloodlines
30:42 Conscription
Connection lost

Rejoining the realm…

Still unreachable

The connection could not be restored.

Session expired

The server has moved on; the page needs a fresh start.